PBL
CHICAGO WHITE SOX @ COLORADO ROCKIES
08/14/2071
 
TOP OF THE 1ST
Chicago White Sox batting - Pitching for Colorado Rockies : RHP José Franco
Pitching: RHP José Franco
Batting: LHB Jorge Castaneda 0-0: Ball
1-0: Called Strike
1-1: Ball
2-1: Ground out U3 (Groundball, 3, EV 86.3 MPH)
Batting: LHB Júlio González 0-0: Called Strike
0-1: Ball
1-1: Swinging Strike
1-2: Foul Ball, location: 2F
1-2: Ball
2-2: Fly out, F9 (Flyball, 9, EV 91.9 MPH)
Batting: RHB Bernardo López 0-0: Called Strike
0-1: Foul Ball, location: 5F
0-2: Reached on error, E6 (Groundball, 56, EV 81.3 MPH)
Batting: LHB Doug Hanna 0-0: Ground out U3 (Groundball, 23, EV 82.5 MPH)
Top of the 1st over - 0 runs, 0 hits, 1 error, 1 left on base; Chicago 0 - Colorado 0
BOTTOM OF THE 1ST
Colorado Rockies batting - Pitching for Chicago White Sox : LHP Eric Crowley
Pitching: LHP Eric Crowley
Batting: RHB Cedric McNeill 0-0: Swinging Strike
0-1: Ball
1-1: Foul Ball, location: 2F
1-2: Ball
2-2: Ball
3-2: Strikes out swinging
Batting: RHB Ryan Russell 0-0: Called Strike
0-1: Foul Ball, location: 3SF
0-2: Ground out 5-3 (Groundball, 56, EV 102.5 MPH)
Batting: RHB Patrick Hammond 0-0: Ball
1-0: Ball
2-0: Swinging Strike
2-1: Ball
3-1: SINGLE (Line Drive, 8RS, EV 92.5 MPH)
Batting: LHB Kokei Kobayashi 0-0: Called Strike
0-1: Fly out, F6 (Popup, 6D, EV 52.5 MPH)
Bottom of the 1st over - 0 runs, 1 hit, 0 errors, 1 left on base; Chicago 0 - Colorado 0
TOP OF THE 2ND
Chicago White Sox batting - Pitching for Colorado Rockies : RHP José Franco
Batting: LHB Ching-wei Lok 0-0: Ball
1-0: Ball
2-0: Ball
3-0: Base on Balls
Batting: RHB Roberto Moelroy 0-0: Ball
1-0: Called Strike
1-1: Ball
2-1: Fly out, F7 (Flyball, 7, EV 95.6 MPH)
Batting: RHB Chris Bautis 0-0: Ball
Wild Pitch!
Ching-wei Lok to second
1-0: Fly out, F9 (Flyball, 9, EV 91.3 MPH)
Batting: LHB George Stewart 0-0: Called Strike
0-1: Ball
1-1: Ball
2-1: Foul Ball, location: 2F
2-2: Foul Ball, location: 2F
2-2: Foul Ball, location: 2F
2-2: Foul Ball, location: 2F
2-2: Ball
3-2: Foul Ball, location: 5SF
3-2: Foul Ball, location: 2F
3-2: Base on Balls
Batting: LHB Paul McLean 0-0: Ball
1-0: DOUBLE (Line Drive, 3D, EV 107.5 MPH)
Ching-wei Lok scores
George Stewart to third
Runner from 3rd tries for Home, SAFE, no throw by RF
Batting: LHB Jorge Castaneda 0-0: Ground out 3-1 (Groundball, 34, EV 101.9 MPH)
Top of the 2nd over - 2 runs, 1 hit, 0 errors, 1 left on base; Chicago 2 - Colorado 0
BOTTOM OF THE 2ND
Colorado Rockies batting - Pitching for Chicago White Sox : LHP Eric Crowley
Batting: RHB Chip Smith 0-0: SINGLE (Line Drive, 56D, EV 98.8 MPH)
Batting: RHB Felipe Andrade 0-0: DOUBLE (Line Drive, 8RXD, EV 102.5 MPH)
Chip Smith to third
Batting: SHB William Pearson 0-0: Ball
1-0: Fly out, F9 (Line Drive, 9S, EV 93.1 MPH)
Batting: LHB Ángel Hernández 0-0: Called Strike
0-1: Ball
1-1: Called Strike
1-2: Ball
2-2: Strikes out swinging
Batting: RHB Roberto Marín 0-0: Ball
Passed Ball!
Chip Smith scores
Felipe Andrade to third
1-0: Called Strike
1-1: Swinging Strike
1-2: Strikes out swinging
Bottom of the 2nd over - 1 run, 2 hits, 0 errors, 1 left on base; Chicago 2 - Colorado 1
TOP OF THE 3RD
Chicago White Sox batting - Pitching for Colorado Rockies : RHP José Franco
Batting: LHB Júlio González 0-0: Ball
1-0: Ground out 4-3 (Groundball, 4D, EV 105.6 MPH)
Batting: RHB Bernardo López 0-0: Ball
1-0: Ball
2-0: Ball
3-0: Base on Balls
Batting: LHB Doug Hanna 0-0: Fly out, F9 (Flyball, S8, EV 104.4 MPH)
Batting: LHB Ching-wei Lok 0-0: Ball
1-0: Foul Ball, location: 9LSF
1-1: Ball
2-1: Swinging Strike
2-2: Foul Ball, location: 9LSF
2-2: Ball
3-2: Base on Balls
Bernardo López to second
Batting: RHB Roberto Moelroy 0-0: SINGLE (Groundball, 4MD, EV 105.0 MPH) (infield hit)
Bernardo López to third
Ching-wei Lok to second
Batting: RHB Chris Bautis 0-0: Called Strike
0-1: Ball
1-1: Called Strike
1-2: Foul Ball, location: 9LDF
1-2: DOUBLE (Line Drive, 78D, EV 100.6 MPH)
Bernardo López scores
Ching-wei Lok scores
Roberto Moelroy to third
Batting: LHB George Stewart 0-0: Foul Ball, location: 2F
0-1: Ball
1-1: Ground out 6-3 (Groundball, 6M, EV 83.1 MPH)
Top of the 3rd over - 2 runs, 2 hits, 0 errors, 2 left on base; Chicago 4 - Colorado 1
BOTTOM OF THE 3RD
Colorado Rockies batting - Pitching for Chicago White Sox : LHP Eric Crowley
Batting: RHB Cedric McNeill 0-0: Called Strike
0-1: Ball
1-1: Foul Ball, location: 2F
1-2: Strikes out swinging
Batting: RHB Ryan Russell 0-0: Ball
1-0: Ground out 1-3 (Groundball, 13S, EV 66.3 MPH)
Batting: RHB Patrick Hammond 0-0: Ball
1-0: Swinging Strike
1-1: Ball
2-1: Ball
3-1: Base on Balls
Batting: LHB Kokei Kobayashi 0-0: Foul Ball, location: 2F
0-1: Ball
1-1: Ball
2-1: Called Strike
2-2: Fly out, F8 (Flyball, 8RM, EV 75.0 MPH)
Bottom of the 3rd over - 0 runs, 0 hits, 0 errors, 1 left on base; Chicago 4 - Colorado 1
TOP OF THE 4TH
Chicago White Sox batting - Pitching for Colorado Rockies : RHP José Franco
Batting: LHB Paul McLean 0-0: Ball
1-0: Swinging Strike
1-1: Foul Ball, location: 9LDF
1-2: Fly out, F5 (Line Drive, 5L, EV 70.0 MPH)
Batting: LHB Jorge Castaneda 0-0: Foul Ball, location: 5F
0-1: Ball
1-1: Ball
2-1: Foul Ball, location: 23F
2-2: Ball
3-2: Base on Balls
Batting: LHB Júlio González 0-0: Ball
1-0: Foul Ball, location: 23F
1-1: Foul Ball, location: 2F
1-2: Fielders Choice at 2nd, 3-6 (Groundball, 3, EV 103.1 MPH)
Batting: RHB Bernardo López 0-0: Ball
1-0: Called Strike
1-1: Ball
2-1: Foul Ball, location: 3FF
2-2: Foul Ball, location: 2F
2-2: Ball
3-2: Strikes out swinging
Top of the 4th over - 0 runs, 0 hits, 0 errors, 1 left on base; Chicago 4 - Colorado 1
BOTTOM OF THE 4TH
Colorado Rockies batting - Pitching for Chicago White Sox : LHP Eric Crowley
Batting: RHB Chip Smith 0-0: Ball
1-0: Ball
2-0: Ball
3-0: SINGLE (Line Drive, 6MD, EV 102.5 MPH)
Batting: RHB Felipe Andrade 0-0: Called Strike
0-1: Swinging Strike
0-2: Fly out, F6 (Popup, 6, EV 71.3 MPH)
Batting: SHB William Pearson 0-0: DOUBLE (Line Drive, 3D, EV 107.5 MPH)
Chip Smith to third
Batting: LHB Ángel Hernández 0-0: Called Strike
0-1: Ball
1-1: Swinging Strike
1-2: Foul Ball, location: 5F
1-2: Ball
2-2: Foul Ball, location: 7LSF
2-2: Foul Ball, location: 23F
2-2: SINGLE (Groundball, 34D, EV 107.5 MPH)
Chip Smith scores
William Pearson to third
Runner from 3rd tries for Home, SAFE, throw by RF to home
Batting: RHB Roberto Marín 0-0: Called Strike
0-1: Swinging Strike
0-2: Foul Ball, location: 2F
0-2: Ball
1-2: Ball
2-2: Strikes out swinging
Batting: RHB Cedric McNeill 0-0: Ball
1-0: Called Strike
1-1: Ball
2-1: Foul Ball, location: 2RF
2-2: Fielders Choice at 2nd, 6-4 (Groundball, 6, EV 100.0 MPH)
Bottom of the 4th over - 2 runs, 3 hits, 0 errors, 1 left on base; Chicago 4 - Colorado 3
TOP OF THE 5TH
Chicago White Sox batting - Pitching for Colorado Rockies : RHP José Franco
Batting: LHB Doug Hanna 0-0: Ball
1-0: Ball
2-0: Ball
3-0: Base on Balls
Batting: LHB Ching-wei Lok 0-0: Swinging Strike
0-1: Ball
1-1: SINGLE (Line Drive, 89S, EV 101.9 MPH)
Doug Hanna to second
Runner from 2nd tries for 3rd, SAFE, no throw by CF
Batting: RHB Roberto Moelroy 0-0: Called Strike
0-1: Ball
1-1: Foul Ball, location: 9LSF
1-2: Strikes out swinging
Batting: RHB Chris Bautis 0-0: Hit by Pitch
Ching-wei Lok to second
Batting: LHB George Stewart 0-0: Fielders Choice at 2nd, 3-6 (Groundball, 34, EV 84.4 MPH)
Doug Hanna scores
Ching-wei Lok to third
Pitching: RHP Daniel Reynolds
Batting: LHB Paul McLean 0-0: Called Strike
0-1: Ball
1-1: Fly out, F6 (Popup, 6MD, EV 63.1 MPH)
Top of the 5th over - 1 run, 1 hit, 0 errors, 2 left on base; Chicago 5 - Colorado 3
BOTTOM OF THE 5TH
Colorado Rockies batting - Pitching for Chicago White Sox : LHP Eric Crowley
Batting: RHB Ryan Russell 0-0: Swinging Strike
0-1: Swinging Strike
0-2: Ball
1-2: Ball
2-2: Ball
3-2: Strikes out swinging
Batting: RHB Patrick Hammond 0-0: Called Strike
0-1: Ball
1-1: Foul Ball, location: 25F
1-2: SINGLE (Groundball, 6MD, EV 100.6 MPH)
Batting: LHB Kokei Kobayashi 0-0: Called Strike
0-1: Foul Ball, location: 3F
0-2: Ball
1-2: Ball
2-2: Strikes out swinging
Batting: RHB Chip Smith 0-0: Foul Ball, location: 2F
0-1: Ground out 1-3 (Groundball, P, EV 70.6 MPH)
Bottom of the 5th over - 0 runs, 1 hit, 0 errors, 1 left on base; Chicago 5 - Colorado 3
TOP OF THE 6TH
Chicago White Sox batting - Pitching for Colorado Rockies : RHP Daniel Reynolds
Batting: LHB Jorge Castaneda 0-0: Foul Ball, location: 9LMF
0-1: Foul Ball, location: 25F
0-2: Ground out 6-3 (Groundball, 56, EV 110.6 MPH)
Batting: LHB Júlio González 0-0: Swinging Strike
0-1: Ball
1-1: Ball
2-1: SINGLE (Groundball, 4D, EV 94.4 MPH)
Batting: RHB Bernardo López 0-0: Called Strike
0-1: Called Strike
0-2: Ball
1-2: Ball
2-2: Ball
3-2: DOUBLE (Line Drive, 89XD, EV 96.9 MPH)
Júlio González to third
Runner from 3rd tries for Home, SAFE, throw by CF to trailing runner, SAFE at third!
Batting: LHB Doug Hanna 0-0: Fly out, F1 (Popup, P, EV 75.0 MPH)
Batting: LHB Ching-wei Lok 0-0: Ball
1-0: Ball
2-0: Ground out 6-3 (Groundball, 6, EV 81.3 MPH)
Top of the 6th over - 1 run, 2 hits, 0 errors, 1 left on base; Chicago 6 - Colorado 3
BOTTOM OF THE 6TH
Colorado Rockies batting - Pitching for Chicago White Sox : LHP Eric Crowley
Pitching: RHP Glen O'Farrell
Batting: RHB Felipe Andrade 0-0: Called Strike
0-1: Ball
1-1: Swinging Strike
1-2: Ball
2-2: Ball
3-2: Base on Balls
Batting: SHB William Pearson 0-0: Swinging Strike
0-1: Ball
1-1: Ball
2-1: DOUBLE (Line Drive, 89XD, EV 103.1 MPH)
Felipe Andrade to third
Batting: LHB Ángel Hernández 0-0: Ball
1-0: Ball
2-0: Foul Ball, location: 2F
2-1: Ball
3-1: Foul Ball, location: 23F
3-2: Strikes out swinging
Batting: RHB Roberto Marín 0-0: Ball
1-0: Foul Ball, location: 9LMF
1-1: Fielders Choice at home, 4-2 (Groundball, 4, EV 108.8 MPH)
William Pearson to third
Batting: RHB Cedric McNeill 0-0: Ball
1-0: Ground out 4-3 (Groundball, 4, EV 85.6 MPH)
Bottom of the 6th over - 0 runs, 1 hit, 0 errors, 2 left on base; Chicago 6 - Colorado 3
TOP OF THE 7TH
Chicago White Sox batting - Pitching for Colorado Rockies : RHP Daniel Reynolds
Batting: RHB Roberto Moelroy 0-0: Called Strike
0-1: Fly out, F9 (Flyball, 89M, EV 91.9 MPH)
Batting: RHB Chris Bautis 0-0: Foul Ball, location: 23F
0-1: Called Strike
0-2: Ball
1-2: Strikes out swinging
Batting: LHB George Stewart 0-0: Ball
1-0: Called Strike
1-1: Foul Ball, location: 3FF
1-2: Ball
2-2: Strikes out swinging
Top of the 7th over - 0 runs, 0 hits, 0 errors, 0 left on base; Chicago 6 - Colorado 3
BOTTOM OF THE 7TH
Colorado Rockies batting - Pitching for Chicago White Sox : RHP Glen O'Farrell
Batting: RHB Ryan Russell 0-0: Ball
1-0: Foul Ball, location: 2RF
1-1: Ball
2-1: Ground out 5-3 (Groundball, 5S, EV 70.6 MPH)
Batting: RHB Patrick Hammond 0-0: Called Strike
0-1: Ball
1-1: Ball
2-1: Swinging Strike
2-2: Foul Ball, location: 5F
2-2: Ball
3-2: Foul Ball, location: 2LF
3-2: Strikes out swinging
Pitching: RHP Jesús Luna
Batting: LHB Kokei Kobayashi 0-0: Ball
1-0: DOUBLE (Flyball, 78XD, EV 102.5 MPH)
Batting: RHB Chip Smith 0-0: Called Strike
0-1: Swinging Strike
0-2: Foul Ball, location: 7LMF
0-2: Ball
1-2: Strikes out swinging
Bottom of the 7th over - 0 runs, 1 hit, 0 errors, 1 left on base; Chicago 6 - Colorado 3
TOP OF THE 8TH
Chicago White Sox batting - Pitching for Colorado Rockies : RHP Daniel Reynolds
Batting: LHB Paul McLean 0-0: SINGLE (Line Drive, 89M, EV 94.4 MPH)
Pitching: RHP Alfred Bailey
Batting: LHB Jorge Castaneda 0-0: Ball
1-0: Ball
2-0: Called Strike
2-1: Ball
3-1: Single, Error in OF, E9, batter to second base (Groundball, 34D, EV 100.0 MPH)
Paul McLean to third
Batting: LHB Júlio González 0-0: Ball
1-0: SINGLE (Groundball, 13S, EV 75.6 MPH) (infield hit)
Batting: RHB Bernardo López 0-0: Ball
1-0: Ball
2-0: SINGLE (Groundball, 56, EV 104.4 MPH)
Paul McLean scores
Jorge Castaneda to third
Júlio González to second
Batting: LHB Doug Hanna 0-0: GRAND SLAM HOME RUN (Flyball, 89XD, EV 105.6 MPH), Distance : 401 ft
Pitching: RHP Nick Cochrane
Batting: LHB Ching-wei Lok 0-0: Foul Ball, location: 2F
0-1: Ball
1-1: Foul Ball, location: 23FF
1-2: Foul Ball, location: 9LMF
1-2: Ground out U3 (Groundball, 3, EV 83.8 MPH)
Batting: RHB Roberto Moelroy 0-0: Called Strike
0-1: Foul Ball, location: 2F
0-2: Strikes out swinging
Batting: RHB Chris Bautis 0-0: Ball
1-0: Called Strike
1-1: Foul Ball, location: 2F
1-2: Ball
2-2: Ground out U3 (Groundball, 34, EV 88.1 MPH)
Top of the 8th over - 5 runs, 5 hits, 1 error, 0 left on base; Chicago 11 - Colorado 3
BOTTOM OF THE 8TH
Colorado Rockies batting - Pitching for Chicago White Sox : RHP Jesús Luna
Batting: RHB Felipe Andrade 0-0: Ball
1-0: Swinging Strike
1-1: Ball
2-1: SINGLE (Groundball, 4MD, EV 101.9 MPH)
Batting: SHB William Pearson 0-0: Called Strike
0-1: Ball
1-1: SINGLE (Line Drive, 8RS, EV 84.4 MPH)
Felipe Andrade to second
Batting: LHB Ángel Hernández 0-0: Swinging Strike
0-1: Ball
1-1: Swinging Strike
1-2: Ball
2-2: Strikes out swinging
Batting: RHB Roberto Marín 0-0: Grounds into double play, 4-6-3 (Groundball, 4D, EV 101.3 MPH)
Bottom of the 8th over - 0 runs, 2 hits, 0 errors, 1 left on base; Chicago 11 - Colorado 3
TOP OF THE 9TH
Chicago White Sox batting - Pitching for Colorado Rockies : RHP Nick Cochrane
Batting: LHB George Stewart 0-0: Ball
1-0: Called Strike
1-1: Ground out 4-3 (Groundball, 4, EV 96.3 MPH)
Batting: LHB Paul McLean 0-0: Ball
1-0: Ground out 4-3 (Groundball, 4M, EV 105.6 MPH)
Batting: LHB Jorge Castaneda 0-0: Ball
1-0: Ball
2-0: Called Strike
2-1: SINGLE (Groundball, 4MS, EV 69.4 MPH) (infield hit)
Batting: LHB Júlio González 0-0: Called Strike
0-1: Foul Ball, location: 2F
0-2: Strikes out swinging
Top of the 9th over - 0 runs, 1 hit, 0 errors, 1 left on base; Chicago 11 - Colorado 3
BOTTOM OF THE 9TH
Colorado Rockies batting - Pitching for Chicago White Sox : RHP Jesús Luna
Pitching: LHP Dwight Scott
Batting: RHB Cedric McNeill 0-0: Called Strike
0-1: Foul Ball, location: 2F
0-2: Strikes out swinging
Batting: RHB Ryan Russell 0-0: Called Strike
0-1: Ball
1-1: Ball
2-1: Ground out 6-3 (Groundball, 6, EV 85.0 MPH)
Batting: RHB Patrick Hammond 0-0: Called Strike
0-1: Ball
1-1: Foul Ball, location: 3SF
1-2: Foul Ball, location: 7LSF
1-2: Fly out, F9 (Flyball, 9D, EV 101.3 MPH)
Bottom of the 9th over - 0 runs, 0 hits, 0 errors, 0 left on base; Chicago 11 - Colorado 3
Saturday, May 4th , 2024 - OOTP Baseball 24.10 Build 82